 Dungeon Crawl Stone Soup version 0.27.0-66-gdc8fb28755 (webtiles) character file.

Game seed: 8518910744578340613

48601 quinnr the Nimble (level 14, -4/88 HPs)
             Began as a Tengu Air Elementalist on Aug 19, 2021.
             Was an Elder of Yredelemnul.
             Slain by Rupert (45 damage)
             ... on level 2 of the Orcish Mines on Aug 20, 2021.
             The game lasted 00:52:09 (16361 turns).

quinnr the Nimble (Tengu Air Elementalist)         Turns: 16361, Time: 00:52:09

Health: -4/88      AC:  7    Str: 10    XL:     14   Next: 47%
Magic:  19/35      EV: 23    Int: 19    God:    Yredelemnul [****..]
Gold:   1073       SH:  0    Dex: 15    Spells: 21/28 levels left

rFire    . . .     SeeInvis .   G - staff of air
rCold    . . .     Faith    .   (no shield)
rNeg     + . .     Spirit   .   y - +2 robe {rN+}
rPois    +         Reflect  .   L - +2 hat
rElec    +         Harm     .   w - +0 cloak
rCorr    .         Rampage  .   (no gloves)
Will     +....                  (boots unavailable)
Stlth    ++++......             c - amulet of magic regeneration
HPRegen  0.24/turn              P - ring of poison resistance
MPRegen  0.49/turn              B - ring of magical power

@: flying quickly and evasively, quick
A: beak, talons 3, nimble flight
a: Renounce Religion, Recall Undead Slaves, Injury Mirror, Animate Dead, Drain
Life


You were on level 2 of the Orcish Mines.
You worshipped Yredelemnul.
Yredelemnul was greatly pleased with you.
You visited 3 branches of the dungeon, and saw 15 of its levels.
You visited the Abyss 1 time.
You also visited: Bailey.

You collected 1073 gold pieces.

Inventory:

Hand Weapons
 z - a +0 dagger
 A - a +3 dagger
 E - a +2 dagger of pain
Missiles
 s - a throwing net
 x - 4 curare-tipped darts
 S - 11 atropa-tipped darts
Armour
 a - a +0 robe
 w - a +0 cloak (worn)
 y - a +2 robe of positive energy (worn)
 C - +0 steam dragon scales
 L - a +2 hat (worn)
 Q - a +0 hat
Magical Staves
 G - a staff of air (weapon)
Jewellery
 b - an amulet of regeneration
 c - an amulet of magic regeneration (around neck)
 f - a +4 ring of evasion
 o - a +6 ring of intelligence
 B - a ring of magical power (right hand)
 D - a ring of willpower
 P - a ring of poison resistance (left hand)
Wands
 t - a wand of polymorph (8)
 u - a wand of flame (55)
 K - a wand of paralysis (2)
 T - a wand of iceblast (7)
Scrolls
 h - 4 scrolls of teleportation
 i - 3 scrolls of fear
 k - a scroll of magic mapping
 m - a scroll of immolation
 n - a scroll of amnesia
 r - 2 scrolls of fog
 R - a scroll of torment {unknown}
 U - a scroll of enchant weapon {unknown}
Potions
 d - a potion of lignification {unknown}
 e - 2 potions of flight {unknown}
 g - 4 potions of might
 j - 3 potions of ambrosia
 l - 4 potions of curing
 p - a potion of heal wounds
 q - a potion of degeneration
 v - 2 potions of resistance
 H - a potion of magic {unknown}
 I - 2 potions of berserk rage {unknown}
 J - a potion of brilliance
 M - 2 potions of attraction
 V - 2 potions of mutation {unknown}
Miscellaneous
 F - a tin of tremorstones (inert)
 N - a phantom mirror (inert)
 O - a phial of floods (inert)


   Skills:
 + Level 10.8 Fighting
 - Level 3.0 Armour
 + Level 14.2 Dodging
 - Level 8.0 Stealth
 - Level 7.8 Spellcasting
 - Level 4.0 Conjurations
 - Level 11.4 Air Magic
 - Level 5.0 Invocations
 - Level 5.0 Evocations


You had 21 spell levels left.
You knew the following spells:

 Your Spells              Type           Power      Damage    Failure   Level
a - Shock                 Conj/Air       100%       1d9       1%          1
b - Airstrike             Air            33%        N/A       1%          4
c - Static Discharge      Conj/Air       53%        N/A       1%          2

Your spell library contained the following spells:

 Spells                   Type           Power      Damage    Failure   Level
 Swiftness                Air            67%        N/A       1%          3
 Animate Skeleton         Necr           14%        N/A       10%         1
 Pain                     Necr           28%        1d5       10%         1
 Sandblast                Erth           14%        2d6       10%         1
 Ensorcelled Hibernation  Hex/Ice        14%        N/A       14%         2
 Passwall                 Tmut/Erth      5%         N/A       14%         2
 Spider Form              Tmut/Pois      3%         N/A       28%         3
 Vampiric Draining        Necr           3%         2d6       28%         3
 Sticky Flame             Conj/Fire      15%        2d4       38%         4
 Dispel Undead            Necr           7%         3d8       67%         4
 Fireball                 Conj/Fire      7%         3d5       75%         5
 Lee's Rapid Deconstruct  Erth           3%         3d6*      95%         5
 Starburst                Conj/Fire      7%         6d4       99%         6
 Shadow Creatures         Summ           N/A        N/A       100%        6
 Ignition                 Fire           3%         3d4       100%        8


Dungeon Overview and Level Annotations

Branches:
Dungeon (13/15)            Temple (1/1) D:7            Lair (0/6) D:11
    Orc (2/2) D:12         Bailey (visited)
    Elf: Orc:2       Vaults: D:13-14

Altars:
Ashenzari
Cheibriados
Dithmenos
Elyvilon
Fedhas
Gozag
Hepliaklqana
Kikubaaqudgha
Makhleb
Nemelex Xobeh
Okawaru
Qazlal
Ru
Sif Muna
Trog
Uskayaw
Vehumet
Wu Jian
Xom
Yredelemnul
Zin
The Shining One
Beogh

Shops:
D:7 (

Annotations:
D:6 Sigmund
D:12 3 runed translucent doors, RatsInWalls's ghost, journeyman TrHu
Orc:2 Rupert


Innate Abilities, Weirdness & Mutations

You have a beak for a mouth.
You have claws for feet.
Your magical nature lets you fly swiftly and evasively.


Message History

Rupert roars wildly at you.
You are confused.
You are too confused!
Unknown command.
You're too confused to cast spells.
Rupert looks as if he doubts whether you exists.
Unknown command.
Rupert yells loudly at you.
You suddenly lose the ability to move!
You feel less confused.
Rupert hits you with a +1 antimagic great sword.
You feel your power leaking away.
Rupert hits you with a +1 antimagic great sword.
You feel your power leaking away.
You can move again.
Unknown command.
Okay, then.
Okay, then.
Rupert roars wildly at you.
You are confused.
Unknown command.
You're too confused to move!
Rupert screams, "Give me the Holy Grail!"
Rupert yells loudly at you.
You suddenly lose the ability to move!
Rupert roars madly and goes into a rage!
Rupert goes berserk!
You can move again.
Okay, then.
You bump into the rock wall.
Rupert hits you with a +1 antimagic great sword!!!
You feel your power leaking away.
Unknown command.
Rupert rages.
Rupert misses you.
You feel less confused.
Rupert hits you with a +1 antimagic great sword!!!
Ouch! That really hurt!
You die...
Your body rises from the dead as a mindless zombie.

#<.............
##.##..#.......
##.#...#......
##..)#<..#....#
##.<.#...#......
#...###)........
#..$.#..........
..#...@#..)......
#....#..@..........
###################


You could see Rupert (berserk).

Vanquished Creatures
  An orc warlord (Bailey)
  A boulder beetle (D:12)
  Erolcha (D:12)
  2 hydras
  A centaur warrior (D:13)
  4 two-headed ogres
  A skeletal warrior (D:13)
  3 orc knights (Bailey)
  A deep elf pyromancer (D:12)
  2 ugly things
  3 cyclopes
  An orc sorcerer (Orc:1)
  4 centaur zombies
  4 molten gargoyles (D:11)
  2 gargoyles (D:12)
  2 kobold demonologists (D:10)
  An unseen horror (D:10)
  3 trolls
  A vampire (D:10)
  4 wraiths
  2 steam dragons (D:7)
  5 water moccasins
  6 ice beasts
  21 orc warriors
  2 sky beasts
  A hornet zombie (D:7)
  A small abomination (Abyss:2)
  3 ogres
  5 centaurs
  2 phantoms (D:5)
  5 bullfrogs
  5 kobold brigands
  A gnoll sergeant (D:13)
  A scorpion (D:6)
  A water moccasin zombie (D:5)
  A wyvern skeleton (D:7)
  6 killer bees (D:10)
  9 wights
  An electric eel (D:7)
  2 howler monkeys
  2 bullfrog zombies
  2 centaur skeletons
  2 hounds
  A jelly (D:6)
  4 bullfrog skeletons
  9 orc priests
  5 iguanas
  22 orc wizards
  3 howler monkey zombies
  3 adders
  20 gnolls
  A shadow imp (D:8)
  An ufetubus (D:4)
  A worm (D:4)
  2 dart slugs
  94 orcs
  5 endoplasms
  2 giant cockroaches (D:1)
  19 goblins
  14 hobgoblins
  5 jackals
  19 kobolds
  2 quokkas (D:4)
  3 ball pythons
  2 frilled lizards (D:1)
  4 rats (D:1)
369 creatures vanquished.

Vanquished Creatures (collateral kills)
  A komodo dragon (D:10)
  A kobold brigand (D:10)
  3 kobolds (D:10)
5 creatures vanquished.

Vanquished Creatures (others)
  A wight (D:10)
  2 mummies
  2 killer bee zombies (D:10)
  2 orc zombies (D:10)
  3 plants
10 creatures vanquished.

Grand Total: 384 creatures vanquished

Notes
Turn   | Place    | Note
-------+----------+-------------------------------------------
     0 | D:1      | quinnr the Tengu Air Elementalist began the quest for the
                  | Orb.
     0 | D:1      | Reached XP level 1. HP: 10/10 MP: 4/4
    69 | D:1      | Found a faded altar of an unknown god.
   330 | D:1      | Reached XP level 2. HP: 14/15 MP: 3/6
   595 | D:1      | Reached skill level 5 in Air Magic
   751 | D:1      | Reached XP level 3. HP: 19/19 MP: 5/7
   991 | D:1      | quinnr: !apt tengu
   991 | D:1      | beem: Te: Fighting: 0, Short: 1, Long: 1, Axes: 1, Maces:
                  | 1, Polearms: 1, Staves: 1, Slings: 0, Bows: 1, Xbows: 1,
                  | Throw: 0, Armour: 1, Dodge: 1, Stealth: 1, Shields: 0, UC:
                  | 1, Splcast: -1, Conj: 3, Hexes: -3, Charms: N/A, Summ: 2,
                  | Nec: 1, Tloc: -2, Tmut: -2, Fire: 1, Ice: -1, Air: 3,
                  | Earth: -3*, Poison: 0, Inv: -1*, Evo: 0, Exp: 0, HP: -2,
                  | MP: 1
   991 | D:1      | quinnr: ??attribute
   991 | D:1      | beem: I don't have a page labeled attribute in my learndb.
   991 | D:1      | quinnr: ??attributes
   991 | D:1      | beem: I don't have a page labeled attributes in my learndb.
   991 | D:1      | quinnr: ??strength
   991 | D:1      | beem: strength[1/2]: Strength reduces penalties from
                  | wearing body armour; see {aevp}. Has a small impact on
                  | melee and launcher base damage, roughly +25% of initial
                  | damage per 10 points of str above 10.
   991 | D:1      | quinnr: ??strength[2
   991 | D:1      | beem: strength[2/2]: applies a slightly harsher penalty for
                  | str<10>
                  | ERROR: string above had unterminated tag
   991 | D:1      | quinnr: ??strength[3
   991 | D:1      | beem: I don't have a page labeled strength[3] in my
                  | learndb.
   991 | D:1      | quinnr: ??stat
   991 | D:1      | beem: stat ~ stats ~ starting stats[1/3]: A character's
                  | starting stats are equal to species contribution + job
                  | contribution. See {starting stats[2]} for the species
                  | contributions and {starting stats[3]} for the job
                  | contributions.
   991 | D:1      | quinnr: ??stat[2
   991 | D:1      | beem: stat ~ stats ~ starting stats[2/3]: Ba: 9,8,7
                  | DD
                  | 11,8,8
                  | DE 5,12,10
                  | Dg 9,10,9
                  | Dj 7,9,8
                  | Dr 10,8,6
                  | Ds
                  | 8,9,8
                  | Fe 4,9,11
                  | Fo 12,7,6
                  | Gh 11,3,4
                  | Gn 7,7,7
                  | Gr
                  | 11,8,5
                  | HO 10,8,6
                  | Hu 8,8,8
                  | Ko 5,9,10
                  | Mf 8,7,9
                  | Mi
                  | 12,5,5
                  | Mu 11,7,7
                  | Na 10,8,6
                  | Og 11,9,4
                  | Op 7,10,7
                  | Sp
                  | 4,9,11
                  | Te 8,8,9
                  | Tr 15,4,5
                  | Vp 7,10,9
                  | VS 10,8,9
   991 | D:1      | quinnr: ??stat[3
   991 | D:1      | beem: stat ~ stats ~ starting stats[3/3]: AM 2,5,5
                  | AK
                  | 4,4,4
                  | Ar 4,3,5
                  | Be 9,-1,4
                  | Br 3,3,6
                  | CK 4,4,4
                  | Cj
                  | -1,10,3
                  | De 4,2,6
                  | Fi 8,0,4
                  | Gl 6,0,6
                  | Hu 4,3,5
                  | Mo
                  | 3,2,7
                  | Tm 2,5,5
                  | Wn random
                  | Wr 3,5,4
                  | Wz 2,6,4
                  | | AE,EE,En,FE,IE,Ne,Su,VM 0,7,5
   991 | D:1      | quinnr: ??stat growth
   991 | D:1      | beem: I don't have a page labeled stat_growth in my
                  | learndb.
  1091 | D:2      | You fall into a shaft and drop 2 floors!
  1426 | D:4      | Reached XP level 4. HP: 17/24 MP: 3/8
  1567 | D:4      | Learned a level 4 spell: Airstrike
  1580 | D:4      | Gained mutation: Your magical nature lets you fly swiftly
                  | and evasively. [Tengu growth]
  1580 | D:4      | Reached XP level 5. HP: 28/28 MP: 6/9
  1938 | D:5      | Entered Level 5 of the Dungeon
  1947 | D:4      | Reached skill level 5 in Stealth
  2206 | D:5      | Reached skill level 1 in Fighting
  2206 | D:5      | Reached XP level 6. HP: 25/34 MP: 3/10
  2330 | D:5      | Reached skill level 1 in Evocations
  2437 | D:5      | Reached skill level 3 in Dodging
  2560 | D:5      | Noticed an orc warrior
  2572 | D:5      | Killed an orc warrior
  2573 | D:5      | Reached XP level 7. HP: 25/40 MP: 6/12
  2761 | D:5      | Reached skill level 4 in Dodging
  2897 | D:5      | Found an ornate altar of the Wu Jian Council.
  2898 | D:5      | Found a white marble altar of Elyvilon.
  2898 | D:5      | Found a glowing silver altar of Zin.
  2899 | D:5      | Found a hazy altar of Hepliaklqana.
  3196 | D:5      | Reached skill level 5 in Dodging
  3340 | D:6      | Reached XP level 8. HP: 44/48 MP: 9/13
  3768 | D:6      | Reached skill level 5 in Fighting
  3812 | D:6      | Reached skill level 6 in Dodging
  3923 | D:6      | Noticed Sigmund
  4159 | D:6      | Reached XP level 9. HP: 28/55 MP: 2/14
  4627 | D:6      | Reached skill level 7 in Dodging
  5137 | D:7      | Found Bumanet's Weapon Shoppe.
  5139 | D:7      | Found a staircase to the Ecumenical Temple.
  5155 | Temple   | Entered the Ecumenical Temple
  5249 | Temple   | Became a worshipper of Yredelemnul the Dark
  5544 | D:7      | You are sucked into a shaft and drop 1 floor!
  5592 | D:8      | Found a bloodstained altar of Trog.
  5645 | D:8      | Found a sparkling altar of Nemelex Xobeh.
  5878 | D:8      | Reached skill level 8 in Dodging
  6156 | D:8      | Found a shimmering blue altar of Sif Muna.
  6377 | D:8      | Learned a level 2 spell: Static Discharge
  6552 | D:8      | Reached * piety under Yredelemnul
  6712 | D:8      | Reached XP level 10. HP: 38/63 MP: 9/15
  6998 | D:7      | Reached skill level 1 in Invocations
  7852 | D:8      | Noticed a two-headed ogre
  7856 | D:8      | Killed a two-headed ogre
  7857 | D:8      | Reached skill level 1 in Armour
  7857 | D:8      | Reached skill level 9 in Dodging
  7899 | D:8      | Noticed a two-headed ogre
  7904 | D:8      | Killed a two-headed ogre
  8741 | D:9      | Reached ** piety under Yredelemnul
  8846 | D:9      | Reached XP level 11. HP: 45/69 MP: 7/18
  8880 | D:10     | Entered Level 10 of the Dungeon
  9305 | D:9      | Found a radiant altar of Vehumet.
  9558 | D:9      | Reached *** piety under Yredelemnul
 10136 | D:10     | Received a gift from Yredelemnul (a mummy)
 10187 | D:10     | Reached skill level 5 in Spellcasting
 10191 | D:10     | Received a gift from Yredelemnul (a wight)
 10885 | D:10     | Found a sacrificial altar of Ru.
 10900 | D:10     | Found an iron altar of Okawaru.
 10970 | D:10     | Found a hide-covered altar of Uskayaw.
 10985 | D:10     | Found a blossoming altar of Fedhas.
 11288 | D:11     | Found a staircase to the Lair.
 11304 | D:11     | Found a flagged portal.
 11405 | Bailey   | Entered a bailey
 11407 | Bailey   | Identified a scroll of acquirement
 11407 | Bailey   | Acquired an amulet of regeneration
 11550 | Bailey   | Reached skill level 10 in Dodging
 11840 | Bailey   | Noticed an orc warlord
 11846 | Bailey   | Noticed an orc knight
 11853 | Bailey   | Killed an orc warlord
 11886 | Bailey   | Killed an orc knight
 11986 | Bailey   | Noticed an orc knight
 12007 | Bailey   | Killed an orc knight
 12104 | Bailey   | Noticed an orc knight
 12127 | Bailey   | Reached **** piety under Yredelemnul
 12128 | Bailey   | Reached skill level 13 in Dodging
 12128 | Bailey   | Reached XP level 12. HP: 42/76 MP: 7/21
 12129 | Bailey   | Reached XP level 13. HP: 44/80 MP: 7/25
 12575 | D:11     | Reached XP level 14. HP: 76/86 MP: 11/26
 12672 | D:11     | Reached skill level 5 in Invocations
 12694 | D:11     | Received a gift from Yredelemnul (a mummy)
 12908 | D:11     | Upgraded the game from 0.27.0-65-ge2af304b15 to
                  | 0.27.0-66-gdc8fb28755
 13351 | D:12     | Reached skill level 5 in Evocations
 13490 | D:12     | Found a staircase to the Orcish Mines.
 13595 | D:12     | Found an opulent altar of Gozag.
 13867 | D:12     | Reached skill level 10 in Fighting
 14118 | D:12     | Found a runed translucent gate.
 14118 | D:12     | Found a runed translucent gate.
 14118 | D:12     | Found a runed translucent gate.
 14121 | D:12     | Noticed RatsInWalls's ghost (journeyman TrHu)
 14584 | D:13     | Reached skill level 14 in Dodging
 14704 | D:13     | HP: 8/88 [five-headed hydra (5)]
 14704 | D:13     | HP: 1/88 [five-headed hydra (7)]
 15048 | Orc:1    | Entered Level 1 of the Orcish Mines
 15049 | Orc:1    | Noticed Erolcha
 15573 | D:12     | Found a staircase to the Orcish Mines.
 15602 | D:12     | Found an opulent altar of Gozag.
 15985 | D:12     | Cast into level 2 of the Abyss (Erolcha)
 16064 | Abyss:2  | Noticed a starcursed mass
 16075 | Abyss:2  | Noticed a starcursed mass
 16080 | D:12     | Escaped the Abyss
 16082 | D:12     | Killed Erolcha
 16319 | Orc:2    | Entered Level 2 of the Orcish Mines
 16342 | Orc:2    | Noticed Rupert
 16350 | Orc:2    | Paralysed by Rupert for 2 turns
 16355 | Orc:2    | Paralysed by Rupert for 3 turns
 16361 | Orc:2    | Slain by Rupert

Illustrated notes

Levels and vault maps discovered:
D:1:      dpeg_arrival_prison, layout_basic, ebering_ecumenical_altar_abandoned,
          chequers_big_river, wander_ebering_terrifying_dragon_lair
D:2:      layout_loops_ring
D:4:      layout_basic
D:5:      layout_basic, chequers_temple_overflow_statue_of_worship
D:6:      layout_rooms, minmay_misc_feat_ornament, uniq_sigmund
D:7:      minmay_razor_zed, layout_rooms, minmay_temple_entry_stoned_glass,
          serial_shops, shop_coins, minmay_misc_feat_diagonals,
          nicolae_water_bricks
D:8:      minmay_clustersquares, layout_loops_corners,
          mainiacjoe_overflow_cross_hatched, old_standard_altar,
          kennysheep_orc_sif_temple, kennysheep_generic_room_4
D:9:      layout_roguey [special_room_orc], vehumet_crystals, special_room
          [special_room_orc]
D:10:     layout_basic, nicolae_overflow_quartered_altars
D:11:     layout_roguey, lair_entry_dummy, enter_bailey_2, minivault_8
D:12:     layout_layer_cave, minmay_orc_entry_temple_small,
          gammafunk_ghost_hydra_chop, grunt_gozag_statues
D:13:     cheibrodos_ideogram_h, layout_irregular_city,
          grunt_vaults_entry_fortified, serial_shops, nicolae_shop_statue_plus,
          nicolae_qazlal_scattered_showers
Temple:   cyrus_temple_forest
Orc:1:    layout_diamond_mine, uniq_erolcha, uniq_jorgrun, uniq_josephine
Orc:2:    st_orc_pillars, layout_caves, uniq_rupert

Skill      XL: |  1  2  3  4  5  6  7  8  9 10 11 12 13 14 |
---------------+-------------------------------------------+-----
Conjurations   | 2 4 |  4.0
Air Magic      | 5 7 9 11 | 11.4
Stealth        | 3 4 5 6 7 8 |  8.0
Fighting       | 1 2 4 6 7 8 9 10 | 10.8
Evocations     | 2 4 5 |  5.0
Dodging        | 3 5 6 8 9 13 14 | 14.2
Spellcasting   | 3 4 5 7 |  7.8
Invocations    | 3 4 5 |  5.0
Armour         | 3 |  3.0

Action                   |  1- 3 |  4- 6 |  7- 9 | 10-12 | 13-15 || total
-------------------------+-------+-------+-------+-------+-------++-------
Melee: Unarmed           |     5 |     3 |    27 |       |       ||    35
       Kick              |     2 |     1 |     5 |    12 |     4 ||    24
       Peck              |     1 |       |     8 |     6 |     2 ||    17
       Dagger            |       |       |     1 |    18 |    12 ||    31
       Staff             |       |       |       |    25 |     1 ||    26
 Cast: Shock             |    71 |    84 |   193 |   287 |    36 ||   671
       Airstrike         |       |     2 |    56 |   141 |   130 ||   329
       Static Discharge  |       |       |       |     5 |     5 ||    10
Invok: Injury Mirror     |       |       |       |     1 |       ||     1
       Animate Dead      |       |       |       |     1 |       ||     1
Evoke: Wand              |       |     2 |    12 |    17 |     5 ||    36
       Tin of tremorston |       |       |       |     2 |     1 ||     3
       Phantom mirror    |       |       |       |     1 |     1 ||     2
       Phial of floods   |       |       |       |       |     2 ||     2
  Use: Scroll            |       |       |     8 |     8 |     3 ||    19
       Potion            |       |       |       |     3 |     1 ||     4
 Stab: Paralysed         |       |       |       |     8 |     7 ||    15
       Sleeping          |       |       |       |       |     1 ||     1
Armor: Robe              |     1 |     3 |    16 |    17 |    13 ||    50
Dodge: Dodged            |    11 |    30 |   142 |   152 |    68 ||   403
